 Dungeon Sprint DCSS version 0.28-a0-239-g68911e0c57 (webtiles) character file.

Game seed: 9490568061454355584

122 MikeHunt the Chopper (level 4, 0/37 HPs)
             Began as a Palentonga Fighter on Aug 23, 2021.
             Was a Follower of Okawaru.
             Succumbed to an orc's poison
             ... in the Dungeon (Sprint VII: "The Pits").
             The game lasted 00:00:51 (259 turns).

MikeHunt the Chopper (Palentonga Fighter)            Turns: 259, Time: 00:00:51

Health: 0/37       AC:  6    Str: 20    XL:     4   Next: 78%
Magic:  4/4        EV:  6    Int:  8    God:    Okawaru [*.....]
Gold:   0          SH:  9    Dex: 10    Spells: 3/3 levels left

rFire   . . .      SeeInvis +   a - +0 war axe
rCold   . . .      Faith    .   c - +0 kite shield
rNeg    . . .      Spirit   .   b - +0 scale mail
rPois   .          Reflect  .   (no helmet)
rElec   .          Harm     .   (no cloak)
rCorr   .          Rampage  .   (no gloves)
Will    .....      NoTele   +   (no barding)
Stlth   ..........              (no amulet)
HPRegen 0.12/turn               (no ring)
MPRegen 0.09/turn               (no ring)

@: lethally poisoned (0 -> -4), on berserk cooldown, slowed, very slow
A: large, rugged brown scales 3, see invisible, deformed body, roll 1, armoured
tail
a: Rolling Charge, Renounce Religion, Heroism


You were in the Dungeon.
You worshipped Okawaru.
Okawaru was aware of your devotion.
You visited 1 branch

Inventory:

Hand Weapons
 a - a +0 war axe (weapon)
Armour
 b - a +0 scale mail (worn)
 c - a +0 kite shield (worn)
Scrolls
 j - a scroll of blinking
 l - a scroll of summoning
Potions
 d - a potion of might
 e - a potion of curing
 f - a potion of heal wounds
 g - a potion of haste
 h - 4 potions of magic
 i - a potion of berserk rage
 k - 2 potions of invisibility


   Skills:
 - Level 3.0 Fighting
 + Level 7.0 Axes
 - Level 2.4 Armour
 + Level 6.1 Shields


You had 3 spell levels left.
You didn't know any spells.
Your spell library was empty.

Dungeon Overview and Level Annotations

Branches:
Dungeon (1/1)

Altars:
Ashenzari
Cheibriados
Dithmenos
Elyvilon
Fedhas
Gozag
Hepliaklqana
Kikubaaqudgha
Makhleb
Nemelex Xobeh
Okawaru
Qazlal
Ru
Sif Muna
Trog
Uskayaw
Vehumet
Wu Jian
Xom
Yredelemnul
Zin
The Shining One
Beogh
Jiyva
Lugonu


Innate Abilities, Weirdness & Mutations

You are completely covered in rugged brown scales. (AC +3, +7% HP)
You have supernaturally acute eyesight. (SInv)
Armour fits poorly on your strangely shaped body.
You can roll at nearby foes to attack.
You have a long armoured tail.


Message History

You feel very sick. The orc wizard casts a spell at you.
You resist with some effort. You block the orc's attack.
You barely miss the orc wizard.
You feel very sick.
The orc wizard hits you with a +0 dagger.
* * * LOW HITPOINT WARNING * * *
The orc closely misses you.
You closely miss the orc wizard.
Your tail-slap misses the orc wizard.
You feel sick. You block the orc wizard's attack. You block the orc's attack.
You slash the orc wizard!
You kill the orc wizard!
Okawaru accepts your kill.
You can now gain great but temporary skills.
You feel sick.
Your Axes skill increases to level 7!
Your Shields skill increases to level 6!
You feel sick. The orc hits you with a +0 trident.
* * * LOW HITPOINT WARNING * * *
Things that are here:
a +0 dagger of venom; an orc corpse You hit the orc.
Your tail-slap misses the orc.
The orc is almost dead.
* * * LOW HITPOINT WARNING * * *
You feel sick. The orc barely misses you.
You slash the orc!
You kill the orc!
Okawaru accepts your kill.
* * * LOW HITPOINT WARNING * * *
You feel sick.
You are too berserk!
* * * LOW HITPOINT WARNING * * *
You feel sick.
You feel a strong urge to attack something.
* * * LOW HITPOINT WARNING * * *
You feel sick.
You are no longer berserk.
You are exhausted.
You feel yourself slow down.
You die...

+#####†#####......#..#.
#..#..# #...........
#..'..# ####'#####+
#.†#### #.......#
#..#..# #.......#
#..#).# #.......#
##'#).#+###...<...#
#...†....##.......#
#..))..@.##.......#
###########.......#
#########


There were no monsters in sight!

Vanquished Creatures
  A scorpion (D)
  An orc wizard (D)
  2 river rats (D)
  An adder zombie (D)
  3 orcs (D)
  An endoplasm (D)
  A kobold (D)
  A quokka (D)
  A bat (D)
  A frilled lizard (D)
13 creatures vanquished.

Notes
Turn   | Place    | Note
-------+----------+-------------------------------------------
     0 | D        | MikeHunt the Palentonga Fighter began the quest for the
                  | Orb.
     0 | D        | Reached XP level 1. HP: 19/19 MP: 1/1
    35 | D        | Found a glowing golden altar of the Shining One.
    35 | D        | Found a glowing silver altar of Zin.
    35 | D        | Found a basalt altar of Yredelemnul.
    35 | D        | Found a shimmering altar of Xom.
    35 | D        | Found an ornate altar of the Wu Jian Council.
    35 | D        | Found a bloodstained altar of Trog.
    35 | D        | Found a shimmering blue altar of Sif Muna.
    35 | D        | Found a sacrificial altar of Ru.
    35 | D        | Found a stormy altar of Qazlal.
    35 | D        | Found an iron altar of Okawaru.
    35 | D        | Found a sparkling altar of Nemelex Xobeh.
    35 | D        | Found a burning altar of Makhleb.
    35 | D        | Found a viscous altar of Jiyva.
    35 | D        | Found a hazy altar of Hepliaklqana.
    35 | D        | Found an opulent altar of Gozag.
    35 | D        | Found a blossoming altar of Fedhas.
    35 | D        | Found a white marble altar of Elyvilon.
    35 | D        | Found a shadowy altar of Dithmenos.
    35 | D        | Found a snail-covered altar of Cheibriados.
    36 | D        | Found a radiant altar of Vehumet.
    36 | D        | Found a corrupted altar of Lugonu.
    37 | D        | Found a hide-covered altar of Uskayaw.
    37 | D        | Found an ancient bone altar of Kikubaaqudgha.
    37 | D        | Found a broken altar of Ashenzari.
    41 | D        | Became a worshipper of Warmaster Okawaru
    51 | D        | Noticed a scorpion
    54 | D        | Reached skill level 3 in Axes
    54 | D        | Reached XP level 2. HP: 25/25 MP: 2/2
    55 | D        | Killed a scorpion
    56 | D        | Reached skill level 5 in Axes
    56 | D        | Reached skill level 5 in Shields
    56 | D        | Reached XP level 3. HP: 31/31 MP: 3/3
    56 | D        | Reached XP level 4. HP: 37/37 MP: 4/4
   184 | D        | Reached skill level 6 in Axes
   253 | D        | Reached * piety under Okawaru
   254 | D        | Reached skill level 7 in Axes
   257 | D        | HP: 2/55 [poisoned by an orc]
   259 | D        | Succumbed to an orc's poison

Illustrated notes

Levels and vault maps discovered:
D:        pitsprint [storerooms_1, entrance_room_1, metal_vault_1, armoury_3,
          mini_pit_1, grid_room_1, main_hall_1, silver_pit, the_coven_2,
          the_vestibule_1, steel_vault_1, golden_pit, hallway_of_sentries,
          crystal_vault_1, iron_vault_1, final_vault]

Skill      XL: |  1  2  3  4 |
---------------+-------------+-----
Axes           | 3 5 7 |  7.0
Shields        | 3 5 6 |  6.1
Fighting       | |  3.0
Armour         | |  2.4

Action                   |  1- 3 |  4- 6 || total
-------------------------+-------+-------++-------
Melee: War axe           |     6 |    19 ||    25
       Tailslap          |     1 |     2 ||     3
  Use: Potion            |     1 |     1 ||     2
Armor: Scale mail        |     1 |    17 ||    18
Dodge: Dodged            |     1 |    11 ||    12
Block: Kite shield       |     3 |    14 ||    17

Table legend: (Time is in decaauts)
 A = Elapsed time spent in this place.
 B = Non-inter-level travel time spent in this place.
 C = Inter-level travel time spent in this place.
 D = Time resting spent in this place.
 E = Time spent auto-exploring this place.
 F = Levels seen in this place.
 G = Mean time per level.
                   A        B        C        D        E       F      G
               +--------+--------+--------+--------+--------+-----+--------+
         Total |    275 |    275 |      0 |    184 |      0 |   1 |  275.0 |
       Dungeon |    275 |    275 |      0 |    184 |      0 |   1 |  275.0 |
               +--------+--------+--------+--------+--------+-----+--------+

Top non-repeatable levels by time:
       D: 275 daAuts
